AoeStats
← KorelBorel

Arabian Desert

509442553Analyzed
1v1 RM · 7d ago on Sep 26, 2026· 44m 55s· 2 players
Game mode
Random Map
Map size
Tiny (2 player)
Population
200
Speed
Normal
Resources
Standard
Victory
Conquest
Starting age
Dark Age
Ending age
Imperial Age
RankedLock teamsTeams togetherTeam positionsShared explorationLock speedFull tech treeHidden civsTurbo modeCheats
Victory
Defeat
🇨🇴 Burgundians · Colombia
588
+18
🇩🇪 Turks · Germany
624
-18
Santypg29
10:50 Feudal Age
9:09 Double-Bit Axe
9:08 Horse Collar
11:43 Bow Saw
14:53 Gold Mining
17:41 Castle Age
17:04 Gold Shaft Mining
17:22 Heavy Plow
17:54 Stone Mining
18:19 Cavalier
23:06 Husbandry
24:01 Scale Barding Armor
24:07 Forging
26:10 Two-Man Saw
29:49 Chain Barding Armor
30:05 Iron Casting
28:57 Elite Skirmisher
33:44 Padded Archer Armor
33:35 Fletching
43:11 Burgundian Vineyards
KorelBorel
7:18 Loom
9:58 Feudal Age
11:46 Double-Bit Axe
11:47 Horse Collar
21:05 Castle Age
20:14 Bloodlines
21:37 Fletching
22:00 Bow Saw
21:57 Husbandry
24:59 Bodkin Arrow
25:36 Fervor
27:22 Thumb Ring
27:53 Squires
32:31 Imperial Age
32:02 Ballistics
34:02 Bracer
39:42 Capped Ram
Connection lost

Rejoining the realm…

Still unreachable

The connection could not be restored.

Session expired

The server has moved on; the page needs a fresh start.